 Dungeon Crawl Stone Soup version 0.29-a0-925-g0a7a3d12f8 (webtiles) character file.

Game seed: 4452038596644666924

2562 quixfox the Geomancer (level 9, -1/52 HPs)
             Began as a Gargoyle Earth Elementalist on July 29, 2022.
             Shot with a sling bullet by Joseph (12 damage)
             ... on level 8 of the Dungeon.
             The game lasted 00:13:20 (7792 turns).

quixfox the Geomancer (Gargoyle Earth Elementalist) Turns: 7792, Time: 00:13:21

Health: -1/52      AC: 15    Str: 18    XL:     9   Next: 56%
Magic:  18/18      EV: 11    Int: 33    God:
Gold:   430        SH:  0    Dex: 10    Spells: 14/20 levels left

rFire   . . .      SeeInvis .   j - +7 short sword of the Holding Augurer {elec, rCorr Int+7}
rCold   + . .      Faith    .   (no shield)
rNeg    + . .      Spirit   .   g - +1 leather armour {rC+}
rPois   ∞          Reflect  .   (no helmet)
rElec   +          Harm     .   m - +0 cloak
rCorr   +          Rampage  .   s - +2 pair of gloves
Will    .....                   (no boots)
Stlth   ++........              (no amulet)
HPRegen 0.17/turn               k - +6 ring of intelligence
MPRegen 0.16/turn               r - +6 ring of strength

@: no status effects
A: sickness immunity, AC +6, negative energy resistance 1, electricity
resistance, torment resistance 1, petrification resistance
a: no special abilities


You were on level 8 of the Dungeon.
You visited 2 branches of the dungeon, and saw 9 of its levels.

You collected 430 gold pieces.

Inventory:

Hand Weapons
 f - a +3 spectral whip
 j - the +7 short sword of the Holding Augurer (weapon) {elec, rCorr Int+7}
   (You took it off an orc on level 3 of the Dungeon)

   It occasionally discharges a powerful burst of electricity upon striking a
   foe.
   Int:       It affects your intelligence (+7).
   rCorr:     It protects you from acid and corrosion.
Armour
 g - a +1 leather armour of cold resistance (worn)
 m - a +0 cloak (worn)
 s - a +2 pair of gloves (worn)
Jewellery
 k - a +6 ring of intelligence (left hand)
 r - a +6 ring of strength (right hand)
Wands
 b - a wand of iceblast (13)
 d - a wand of flame (33)
 x - a wand of charming (2)
 y - a wand of digging (5)
Scrolls
 l - a scroll of blinking
 p - a scroll of teleportation
 u - a scroll of fog
 v - a scroll of amnesia
Potions
 a - a potion of berserk rage {unknown}
 c - 3 potions of heal wounds
 e - 3 potions of curing
 h - a potion of mutation
 i - a potion of cancellation {unknown}
 n - a potion of magic
 o - 2 potions of haste
 q - a potion of might {unknown}


   Skills:
 + Level 4.6 Fighting
 + Level 4.6 Armour
 - Level 1.5 Dodging
 - Level 2.1 Stealth
 + Level 6.1 Spellcasting
 + Level 6.4 Conjurations
 - Level 0.7 Transmutations
 + Level 8.5 Earth Magic
 + Level 1.0 Evocations


You had 14 spell levels left.
You knew the following spells:

 Your Spells              Type           Power      Damage    Failure   Level
a - Sandblast             Erth           100%       2d20      1%          1
b - Passwall              Tmut/Erth      33%        N/A       1%          2
c - Stone Arrow           Conj/Erth      100%       3d13      1%          3

Your spell library contained the following spells:

 Spells                   Type           Power      Damage    Failure   Level
 Slow                     Hex            40%        N/A       4%          1
 Petrify                  Tmut/Erth      40%        N/A       8%          4
 Animate Armour           Summ/Erth      76%        N/A       9%          4
 Ignite Poison            Fire/Tmut/Pois 11%        N/A       14%         3
 Confusing Touch          Hex            10%        N/A       16%         3
 Teleport Other           Tloc           10%        N/A       16%         3
 Vampiric Draining        Necr           10%        2d6       16%         3
 Manifold Assault         Tloc           10%        N/A       80%         5
 Lehudib's Crystal Spear  Conj/Erth      28%        10d7      100%        8


Dungeon Overview and Level Annotations

Branches:
Dungeon (8/15)             Temple (1/1) D:5
   Lair: D:8-11

Altars:
Ashenzari
Dithmenos
Elyvilon
Fedhas
Hepliaklqana
Kikubaaqudgha
Okawaru
Qazlal
Sif Muna
Wu Jian
Xom
Lugonu

Shops:
D:4 =

Annotations:
D:3 1 runed translucent door, Crazy Yiuf
D:8 Joseph


Innate Abilities, Weirdness & Mutations

You are immune to sickness and miasma.
Your stone body is resilient. (AC +6)
You are immune to poison.
You resist negative energy. (rN+)
You are resistant to electric shocks. (rElec)
You are resistant to unholy torment.
You are immune to petrification.


Message History

The bullfrog barely misses you. The bullfrog attacks as you move away!
The bullfrog misses you. The bullfrog barely misses you.
The bullfrog hits you but does no damage.
The bullfrog barely misses you. The bullfrog attacks as you move away!
The bullfrog hits you but does no damage.
There is a stone staircase leading up here.
The bullfrog hits you.
* * * LOW HITPOINT WARNING * * *
The bullfrog hits you but does no damage.
You climb upwards.
There is a stone staircase leading down here.
Aiming: Sandblast (safe; 1% risk of failure)
Press: ? - help, Q - select action, (/) - cycle Shift-Dir - straight line, f - bullfrog
Aim: a bullfrog (82% to hit)
The blast of sand hits the bullfrog!!
The bullfrog is almost dead.
The bullfrog hits you.
* * * LOW HITPOINT WARNING * * *
The bullfrog completely misses you. The bullfrog closely misses you.
Aiming: Sandblast (safe; 1% risk of failure)
Press: ? - help, Q - select action, (/) - cycle Shift-Dir - straight line, f/p - bullfrog
Aim: a bullfrog (almost dead, 82% to hit)
The blast of sand hits the bullfrog!
You kill the bullfrog!
Your Evocations skill increases to level 1!
You start resting.
Magic restored.
You start resting.
HP restored.
You climb downwards.
Level annotation: Joseph Joseph shoots a sling bullet.
The sling bullet hits you!! The sling bullet burns you!
Joseph shoots a sling bullet.
The sling bullet hits you! The sling bullet burns you.
* * * LOW HITPOINT WARNING * * *
There is a stone staircase leading up here.
Joseph shoots a sling bullet.
The sling bullet hits you!
You die...

.##### ...).#
.###.# .###.#####
.....#...#
.##..##..#
.##......#
>##.####.#########
###.# #...@....@#
..# ###########
####


You could see Joseph.

Vanquished Creatures
  Pikel (D:6)
  Grinder (D:3)
  A hornet (D:7)
  Edmund (D:6)
  2 sky beasts (D:7)
  A black bear (D:4)
  2 ice beasts
  4 lemures (D:6)
  A phantom (D:5)
  2 bullfrogs (D:7)
  3 scorpions
  A necrophage (D:5)
  2 howler monkeys (D:6)
  4 hounds
  2 jellies
  4 iguanas
  A gnoll bouda (D:4)
  Natasha (thrice) (D:2)
  An orc wizard (D:6)
  Ijyb (D:3)
  3 gnolls (D:5)
  6 adders
  2 shadow imps
  2 white imps (D:7)
  3 worms
  18 orcs
  6 endoplasms
  2 giant cockroaches
  4 hobgoblins
  2 jackals (D:3)
  A quokka (D:1)
  7 ball pythons
  3 bats
  3 frilled lizards
  11 goblins
  4 kobolds
  3 rats
118 creatures vanquished.

Vanquished Creatures (others)
  3 toadstools (D:8)
3 creatures vanquished.

Grand Total: 121 creatures vanquished

Notes
Turn   | Place    | Note
-------+----------+-------------------------------------------
     0 | D:1      | quixfox the Gargoyle Earth Elementalist began the quest for
                  | the Orb.
     0 | D:1      | Reached XP level 1. HP: 10/10 MP: 3/3
   212 | D:1      | Reached XP level 2. HP: 15/15 MP: 3/5
   248 | D:1      | Reached skill level 4 in Earth Magic
   628 | D:2      | Reached XP level 3. HP: 17/19 MP: 2/7
   631 | D:2      | Learned a level 2 spell: Passwall
   635 | D:2      | Learned a level 3 spell: Stone Arrow
   704 | D:2      | Noticed a scorpion
   722 | D:2      | Killed a scorpion
   723 | D:2      | Reached skill level 1 in Conjurations
   723 | D:2      | Reached XP level 4. HP: 4/24 MP: 6/8
  1119 | D:2      | Found a faded altar of an unknown god.
  1128 | D:2      | Noticed Natasha
  1130 | D:2      | Killed Natasha
  1131 | D:2      | Reached skill level 5 in Earth Magic
  1131 | D:2      | Reached XP level 5. HP: 18/28 MP: 6/9
  1372 | D:2      | Noticed Natasha
  1377 | D:2      | Killed Natasha
  1382 | D:2      | Noticed Natasha
  1435 | D:2      | Killed Natasha
  1659 | D:3      | Found a shimmering altar of Xom.
  1660 | D:3      | Noticed Ijyb
  1668 | D:3      | Killed Ijyb
  1669 | D:3      | Found a shimmering altar of Xom.
  1671 | D:3      | Found a shimmering altar of Xom.
  1956 | D:3      | Found a shimmering altar of Xom.
  1957 | D:3      | Found a shimmering altar of Xom.
  1957 | D:3      | Found a shimmering altar of Xom.
  2018 | D:3      | Found a shimmering altar of Xom.
  2144 | D:3      | Identified the +7 short sword of the Holding Augurer {elec,
                  | rCorr Int+7}
  2149 | D:3      | Noticed Grinder
  2498 | D:3      | Reached XP level 6. HP: 29/32 MP: 8/11
  2755 | D:3      | Paralysed by Grinder for 2 turns
  2762 | D:3      | Killed Grinder
  2763 | D:3      | Reached skill level 6 in Earth Magic
  2763 | D:3      | Reached XP level 7. HP: 30/36 MP: 7/13
  2824 | D:3      | Found a runed translucent door.
  2825 | D:3      | Noticed Crazy Yiuf
  3474 | D:4      | Found Hiokh's Jewellery Emporium.
  3886 | D:5      | Entered Level 5 of the Dungeon
  4011 | D:5      | Found a staircase to the Ecumenical Temple.
  4018 | Temple   | Entered the Ecumenical Temple
  4104 | D:5      | Got Bonubaul's Vellum of Intoxicating Translocation
  4592 | D:5      | Reached skill level 1 in Fighting
  4592 | D:5      | Reached skill level 1 in Armour
  4602 | D:5      | Reached skill level 7 in Earth Magic
  4602 | D:5      | Reached XP level 8. HP: 12/44 MP: 7/15
  4606 | D:5      | Reached skill level 5 in Spellcasting
  4795 | D:5      | Found a white marble altar of Elyvilon.
  4829 | D:5      | Reached skill level 5 in Conjurations
  5316 | D:6      | Noticed Edmund
  5323 | D:6      | Killed Edmund
  5674 | D:6      | Noticed Pikel
  5679 | D:6      | Killed Pikel
  5680 | D:6      | Reached skill level 8 in Earth Magic
  5680 | D:6      | Reached XP level 9. HP: 40/52 MP: 13/17
  6885 | D:7      | Noticed a hornet
  6891 | D:7      | Killed a hornet
  7518 | D:8      | Noticed Joseph
  7553 | D:7      | Reached skill level 1 in Evocations
  7792 | D:8      | Shot with a sling bullet by Joseph

Illustrated notes

Levels and vault maps discovered:
D:1:      lightli_arrival_noodles, layout_basic
D:2:      layout_rooms, serial_rivers, chequers_serial_rivers_micro_b,
          chequers_serial_rivers_large_b, chequers_serial_rivers_micro_e,
          chequers_serial_rivers_small_a, basic_ecumenical_altar, minivault_19,
          uniq_natasha
D:3:      layout_basic, nicolae_xom_altar_mimics, minmay_box_of_dots,
          uniq_grinder, uniq_ijyb, uniq_crazy_yiuf_cottage
D:4:      layout_basic, serial_shops, nicolae_shop_trees
D:5:      layout_cave_pods, minmay_temple_entry_waves,
          chequers_hall_statues_wall_a, minmay_ruined_shrine
D:6:      layout_basic, uniq_pikel, uniq_edmund
D:7:      layout_loops_corners, serial_rivers, chequers_serial_rivers_room_b,
          chequers_serial_rivers_marsh, chequers_serial_rivers_room_a,
          chequers_serial_rivers_small_b, chequers_serial_rivers_room_b,
          chequers_serial_rivers_small_3
D:8:      layout_basic, old_standard_altar, minmay_gold_behind_fungi,
          hangedman_abyss_or_decor_passed, uniq_joseph
Temple:   corrupted_temple

Skill      XL: |  1  2  3  4  5  6  7  8  9 |
---------------+----------------------------+-----
Earth Magic    | 4 5 6 7 8 |  8.5
Spellcasting   | 3 4 5 6 |  6.1
Conjurations   | 1 2 3 4 5 6 |  6.4
Fighting       | 1 3 4 |  4.6
Armour         | 1 3 4 |  4.6
Evocations     | 1 |  1.0
Dodging        | |  1.5
Stealth        | |  2.1
Transmutations | |  0.7

Action                   |  1- 3 |  4- 6 |  7- 9 || total
-------------------------+-------+-------+-------++-------
Melee: Whip              |     4 |       |       ||     4
       Short sword       |       |       |     2 ||     2
 Cast: Sandblast         |    34 |    58 |   127 ||   219
Evoke: Wand              |       |       |     1 ||     1
  Use: Potion            |     1 |       |     1 ||     2
       Scroll            |       |     3 |    11 ||    14
Armor: Robe              |     8 |    11 |    24 ||    43
       Leather armour    |       |       |    21 ||    21
Dodge: Dodged            |    19 |    12 |    55 ||    86

Table legend: (Time is in decaauts)
 A = Elapsed time spent in this place.
 B = Non-inter-level travel time spent in this place.
 C = Inter-level travel time spent in this place.
 D = Time resting spent in this place.
 E = Time spent auto-exploring this place.
 F = Levels seen in this place.
 G = Mean time per level.
                   A        B        C        D        E       F      G
               +--------+--------+--------+--------+--------+-----+--------+
         Total |   8047 |   7846 |    201 |   1344 |   5228 |   9 |  894.1 |
       Dungeon |   7992 |   7791 |    201 |   1344 |   5216 |   8 |  999.0 |
        Temple |     54 |     54 |      0 |      0 |     12 |   1 |   54.0 |
               +--------+--------+--------+--------+--------+-----+--------+

Top non-repeatable levels by time:
     D:3: 1550 daAuts
     D:7: 1498 daAuts
     D:2: 1271 daAuts
     D:5: 1141 daAuts
     D:6: 1074 daAuts
     D:4: 860 daAuts
     D:1: 523 daAuts
     D:8: 72 daAuts
  Temple: 54 daAuts
